 Dungeon Crawl Stone Soup version 0.27.1-33-g824d729ab1 (webtiles) character file.

Game seed: 1812537139357027734

42 raph the Firebug (level 3, -2/24 HPs)
             Began as a Human Fire Elementalist on Dec 15, 2021.
             Slain by a quokka (3 damage)
             ... on level 2 of the Dungeon.
             The game lasted 00:02:59 (2232 turns).

raph the Firebug (Human Fire Elementalist)          Turns: 2232, Time: 00:03:00

Health: -2/24      AC:  2    Str:  8    XL:     3   Next: 80%
Magic:  5/6        EV: 12    Int: 16    God:
Gold:   35         SH:  5    Dex: 13    Spells: 2/6 levels left

rFire    + . .     SeeInvis .   f - +1 dagger (pain)
rCold    + . .     Faith    .   (no shield)
rNeg     . . .     Spirit   .   a - +0 robe
rPois    .         Reflect  +   (no helmet)
rElec    .         Harm     .   (no cloak)
rCorr    .         Rampage  .   (no gloves)
Will     .....                  (no boots)
Stlth    ++........             e - amulet of reflection
HPRegen  0.08/turn              b - ring of protection from fire
MPRegen  0.10/turn              g - ring of protection from cold

@: no status effects
A: no striking features
a: no special abilities


You were on level 2 of the Dungeon.
You visited 1 branch of the dungeon, and saw 2 of its levels.

You collected 35 gold pieces.

Inventory:

Hand Weapons
 d - a +0 dagger
 f - a +1 dagger of pain (weapon)
 i - a +1 dagger of electrocution
Missiles
 m - 3 curare-tipped darts
Armour
 a - a +0 robe (worn)
Jewellery
 b - a ring of protection from fire (left hand)
 e - an amulet of reflection (around neck)
 g - a ring of protection from cold (right hand)
Wands
 j - a wand of polymorph (8)
 k - a wand of acid (7)
Scrolls
 c - 2 scrolls of teleportation
Potions
 h - a potion of haste {unknown}
 l - a potion of mutation {unknown}


   Skills:
 - Level 2.0 Dodging
 - Level 2.0 Stealth
 - Level 2.0 Spellcasting
 - Level 1.0 Conjurations
 + Level 4.5 Fire Magic


You had 2 spell levels left.
You knew the following spells:

 Your Spells              Type           Power      Damage    Failure   Level
a - Foxfire               Conj/Fire      40%        2x1d6     7%          1
b - Conjure Flame         Conj/Fire      10%        6-21      21%         3

Your spell library contained the following spells:

 Spells                   Type           Power      Damage    Failure   Level
 Beastly Appendage        Tmut           2%         N/A       21%         1
 Sublimation of Blood     Necr           0%         N/A       30%         2
 Wereblood                Tmut           1%         N/A       30%         2
 Inner Flame              Hex/Fire       8%         N/A       24%         3
 Spider Form              Tmut/Pois      0%         N/A       52%         3
 Sticky Flame             Conj/Fire      10%        2d3       54%         4
 Fireball                 Conj/Fire      5%         3d5       88%         5
 Summon Hydra             Summ           0%         N/A       100%        7


Dungeon Overview and Level Annotations

Branches:
Dungeon (2/15)

Altars:


Message History

You kill the dart slug!
Casting: Foxfire (safe; 7% risk of failure)
Confirm with . or Enter, or press ? or * to list all spells.
You conjure some foxfire!
Your foxfire dissipates! x2
Your foxfire dissipates! x2
h - a glowing silvery potion You start resting.
Magic restored.
HP restored.
A worm comes into view.
A quokka comes into view.
A jackal comes into view.
The worm bites you!
You hit the worm.
The worm is lightly wounded.
Casting: Foxfire (safe; 7% risk of failure)
Confirm with . or Enter, or press ? or * to list all spells.
You conjure some foxfire!
The jackal barks!
You block the worm's attack.
Your foxfire dissipates!
The quokka twitches its whiskers.
You hit the quokka.
The quokka is moderately wounded.
You block the quokka's attack.
Casting: Foxfire (safe; 7% risk of failure)
Confirm with . or Enter, or press ? or * to list all spells.
There is not enough space to conjure foxfire!
You miss the quokka. You block the quokka's attack.
A jackal comes into view.
The worm bites you. The quokka misses you.
You miss the quokka.
The quokka twitches its whiskers.
You block the quokka's attack. The worm bites you!
* * * LOW HITPOINT WARNING * * *
You barely miss the quokka.
The jackal barks!
You hear a bark!
The quokka bites you.
You die...

..#..#..........##.
.#.####.######....
.#h#....##........
...#.......#######
#.########## # #.#
######## # #h# #......#
# #w# #......##### #@#
#......##...
######r#####...†.....##
.r.................####
#############......#
#......# #......#
#......# #......#
########


You could see a worm, a quokka and 2 jackals.

Vanquished Creatures
  3 dart slugs
  2 ball pythons (D:1)
  3 endoplasms
  2 giant cockroaches (D:1)
  5 goblins
  2 hobgoblins (D:2)
  3 quokkas (D:1)
  5 bats
  2 frilled lizards (D:1)
  3 kobolds
  5 rats
35 creatures vanquished.

Vanquished Creatures (others)
  105 foxfires
105 creatures vanquished.

Grand Total: 140 creatures vanquished

Notes
Turn   | Place    | Note
-------+----------+-------------------------------------------
     0 | D:1      | raph the Human Fire Elementalist began the quest for the
                  | Orb.
     0 | D:1      | Reached XP level 1. HP: 13/13 MP: 3/3
   506 | D:1      | Reached XP level 2. HP: 19/19 MP: 1/5
  1156 | D:1      | Reached skill level 4 in Fire Magic
  1156 | D:1      | Reached XP level 3. HP: 24/24 MP: 4/6
  1924 | D:2      | Learned a level 3 spell: Conjure Flame
  2231 | D:2      | HP: 1/24 [worm (9)]
  2232 | D:2      | Slain by a quokka

Illustrated notes

Levels and vault maps discovered:
D:1:      minmay_arrival_split_and_join, layout_basic, corner_web_ring,
          roderic_lattice_a, st_stairs_3, minivault_5
D:2:      minmay_general_purpose_star, layout_rooms,
          shapermc_ecumenical_altar_mp_vishouse, minmay_nonomino_d4

Skill      XL: |  1  2 |
---------------+-------+-----
Fire Magic     | 4 |  4.5
Dodging        | |  2.0
Stealth        | |  2.0
Spellcasting   | |  2.0
Conjurations   | |  1.0

Action                   || total
-------------------------++-------
Melee: Unarmed           ||     1
       Dagger            ||    27
 Cast: Foxfire           ||    68
  Use: Scroll            ||     3
 Stab: Sleeping          ||     2
Armor: Robe              ||    11
Dodge: Dodged            ||    33
Block: Other             ||    19
